 Dungeon Crawl Stone Soup version 0.26.1-11-gd32895ea62 (webtiles) character file.

Game seed: 13530155071011069508

135 nothank2 the Shield-Bearer (level 5, -3/32 HPs)
             Began as a Gargoyle Fighter on June 14, 2021.
             Slain by an iron imp (4 damage)
             ... summoned by Natasha
             ... on level 2 of the Dungeon.
             The game lasted 00:03:57 (1303 turns).

nothank2 the Shield-Bearer (Gargoyle Fighter)       Turns: 1303, Time: 00:03:58

Health: -3/32      AC: 14    Str: 20    XL:     5   Next: 18%
Magic:  5/5        EV:  7    Int: 12    God:
Gold:   81         SH:  9    Dex:  9    Spells: 4/4 levels left

rFire    . . .     SeeInvis .   a - +0 flail
rCold    . . .     Faith    .   c - +0 kite shield
rNeg     + . .     Spirit   .   b - +0 scale mail
rPois    ∞         Reflect  .   g - +2 helmet {Int+3}
rElec    +         Harm     .   (no cloak)
rCorr    .         Rampage  .   (no gloves)
Will     .....                  (no boots)
Stlth    ..........             (no amulet)
HPRegen  0.10/turn              (no ring)
MPRegen  0.09/turn              (no ring)

@: no status effects
A: negative energy resistance 1, electricity resistance, unbreathing,
petrification resistance, miasma immunity, AC +4
a: no special abilities


You were on level 2 of the Dungeon.
You visited 1 branch of the dungeon, and saw 2 of its levels.

You collected 81 gold pieces.

Inventory:

Hand Weapons
 a - a +0 flail (weapon)
 l - a +1 mace of protection
 n - a +0 whip
Armour
 b - a +0 scale mail (worn)
 c - a +0 kite shield (worn)
 g - a +2 helmet of intelligence (worn)
Scrolls
 e - 2 scrolls of enchant armour {unknown}
 f - a scroll of fog {unknown}
 i - 3 scrolls of identify {unknown}
Potions
 d - a potion of might
 h - 2 potions of curing {unknown}
 j - a potion of mutation {unknown}
 k - a potion of lignification {unknown}
 m - a potion of heal wounds {unknown}


   Skills:
 + Level 3.5 Fighting
 * Level 3.9 Maces & Flails
 + Level 4.0 Armour
 + Level 4.1 Shields


You had 4 spell levels left.
You didn't know any spells.
Your spell library was empty.

Dungeon Overview and Level Annotations

Branches:
Dungeon (2/15)

Altars:
Trog

Annotations:
D:2 Natasha


Innate Abilities, Weirdness & Mutations

You are resistant to torment.
Your stone body is resilient. (AC +4)
You are immune to poison.
You resist negative energy. (rN+)
You are resistant to electric shocks. (rElec)
You can survive without breathing.
You are immune to petrification.
You are immune to miasma.


Message History

* * * LOW HITPOINT WARNING * * *
The iron imp hits you but does no damage.
The shadow imp hits you but does no damage.
You block Natasha's attack.
You closely miss Natasha.
Natasha is severely wounded.
The iron imp barely misses you.
The shadow imp hits you but does no damage.
Natasha mewls in sadness.
You block Natasha's attack.
You closely miss Natasha.
Natasha is severely wounded.
You block the shadow imp's attack. The iron imp hits you.
* * * LOW HITPOINT WARNING * * *
Natasha mumbles some strange words.
You closely miss Natasha.
Natasha is severely wounded.
The shadow imp hits you but does no damage.
Natasha closely misses you. The iron imp hits you.
You die...

#........ .. #........
##### . #...?...# h....
. #.......# ...... #
........# ...... #
.......$##...... ###
......5h5....... #..
#.....5@g....... #.#
########.##.... #.#
........#####'# ####.#
........†.....# #.....
........##...#####.###.
........#..........# #.
........#....####### #.
.......############# #<
......###)..###....# ##


You could see an iron imp (summoned), Natasha, a crimson imp (summoned), a
shadow imp (summoned) and a goblin.

Vanquished Creatures
  Terence (D:2)
  Natasha (D:2)
  4 adders (D:2)
  An adder zombie (D:2)
  A dart slug (D:2)
  A worm (D:2)
  A leopard gecko (D:1)
  2 goblins
  3 hobgoblins (D:1)
  3 jackals (D:2)
  5 kobolds
  A quokka (D:2)
  2 ball pythons (D:1)
  7 bats
  6 frilled lizards
  8 rats
47 creatures vanquished.

Notes
Turn   | Place    | Note
-------+----------+-------------------------------------------
     0 | D:1      | nothank2 the Gargoyle Fighter began the quest for the Orb.
     0 | D:1      | Reached XP level 1. HP: 14/14 MP: 1/1
   141 | D:1      | Reached XP level 2. HP: 19/19 MP: 2/2
   701 | D:1      | Reached XP level 3. HP: 20/23 MP: 3/3
   984 | D:2      | Noticed a moth of wrath
   985 | D:2      | Noticed Terence
   987 | D:2      | Found a bloodstained altar of Trog.
  1008 | D:2      | Killed Terence
  1009 | D:2      | Reached XP level 4. HP: 27/28 MP: 4/4
  1169 | D:2      | Noticed Natasha
  1222 | D:2      | Killed Natasha
  1223 | D:2      | Reached XP level 5. HP: 23/32 MP: 5/5
  1277 | D:2      | Noticed Natasha
  1302 | D:2      | HP: 1/32 [iron imp[Natasha] (2)]
  1303 | D:2      | Slain by an iron imp

Illustrated notes

Levels and vault maps discovered:
D:1:      lemuel_arrival_behind_the_door_small, layout_loops_ring,
          kennysheep_another_room
D:2:      layout_basic, tgw_trog, uniq_terence, uniq_natasha

Skill      XL: |  1  2  3  4 |
---------------+-------------+-----
Maces & Flails | 3 |  3.9
Shields        | 4 |  4.1
Armour         | 4 |  4.0
Fighting       | |  3.5

Action                   |  1- 3 |  4- 6 || total
-------------------------+-------+-------++-------
Melee: Flail             |   122 |   111 ||   233
Armor: Scale mail        |    95 |    79 ||   174
Dodge: Dodged            |    53 |    33 ||    86
Block: Kite shield       |    88 |    62 ||   150
